 Dungeon Crawl Stone Soup version 0.15-a0-1115-g12a312a (console) character file.

25 gw the Cudgeler (level 3, -3/39 HPs)
             Began as an Ogre Berserker on May 28, 2014.
             Was a Follower of Trog.
             Slain by an adder (5 damage)
             ... on Level 2 of the Dungeon.
             The game lasted 00:00:32 (1202 turns).

gw the Cudgeler (Ogre Berserker)                    Turns: 1202, Time: 00:00:32

HP  -3/39        AC  3     Str 22      XL: 3   Next:  4%
MP   3/3         EV 10     Int  6      God: Trog [*.....]
Gold 0           SH  0     Dex 10      Spells:  0 memorised,  2 levels left

rFire  . . .     SeeInvis .     a - +0,+1 mace
rCold  . . .     Clarity  .     b - +0 animal skin
rNeg   . . .     Conserve .     (shield restricted)
rPois  .         rCorr    .     (helmet restricted)
rElec  .         rRot     .     (no cloak)
SustAb .         Spirit   .     (gloves unavailable)
rMut   .         Warding  .     (boots unavailable)
Gourm  .         Stasis   .     (no amulet)
MR     .....                    (no ring)
                                (no ring)

@: lethally poisoned, not resistant to hostile enchantments, very unstealthy
A: unfitting armour, tough skin 1
a: Burn Spellbooks, Berserk, Renounce Religion


You were on level 2 of the Dungeon.
You worshipped Trog.
Trog was aware of your devotion.
You were hungry.

You visited 1 branch of the dungeon, and saw 2 of its levels.

Inventory:

Hand weapons
 a - a +0,+1 mace (weapon)
Missiles
 h - 27 darts (quivered)
 i - 45 stones
 k - 12 darts of frost
Armour
 b - a +0 animal skin (worn)
Comestibles
 c - a meat ration
 f - a bread ration
Scrolls
 d - 2 scrolls of identify
 e - a scroll of remove curse
 g - a scroll of immolation {unknown}


   Skills:
 + Level 4.1 Fighting
 * Level 4.6 Maces & Flails
 + Level 1.3 Throwing
 + Level 3.1 Dodging


You had 2 spell levels left.
You didn't know any spells.

Dungeon Overview and Level Annotations

Branches:
Dungeon (2/15)

Altars:


Innate Abilities, Weirdness & Mutations

You are too large for most types of armour.
You have tough skin (AC +1).


Message History

The adder barely misses you.
MOVING TO (-1,6) MOVING TO (-1,5) MOVING TO (-1,4)
You feel sick. The adder closely misses you.
MOVING TO (-1,3) MOVING TO (0,2) MOVING TO (0,1)
You feel sick. The adder bites you.
You are more poisoned.
The adder poisons you!
MOVING TO (-1,8) FLEEEEING!
MOVING TO (-1,7)
You feel sick.
MOVING TO (-1,6) FLEEEEING!
MOVING TO (-1,-7)
You feel sick. The adder bites you. The adder bites you.
You die...

#..(......# #.#...#.##.#
#.........###.#...#.##.#
############....[##.##.#
#.........#...##.#
...###...##.#....#
#......#.####
##....###.# #.....###.#
#.#.OS..#.# #.#.#.#.#.#
..#.###.#.# #. #.#...#.
#####.#.### #.......#
#.###.##### #.....#
#####.#


You could see an adder.

Table legend:
 A = Turns spent in this place as a percentage of turns spent in the entire game.
 B = Non-inter-level travel turns spent in this place as a percentage of non-inter-level travel turns spent in the entire game.
 C = Inter-level travel turns spent in this place as a percentage of turns spent in this place.
 D = Turns resting spent in this place as a percentage of non-inter-level travel turns spent in this place.
 E = Turns spent auto-exploring this place as a percentage of non-inter-level travel turns spent in this place.
 F = Non-inter-level travel turns spent in this place divided by the number of levels of this place that you've seen.
                   A       B       C       D       E      F
               +-------+-------+-------+-------+-------+----------------------
         Total | 100.0 | 100.0 |   0.7 |   6.8 |  21.7 | 140.5
       Dungeon | 100.0 | 100.0 |   0.7 |   6.8 |  21.7 | 140.5
               +-------+-------+-------+-------+-------+----------------------

Table legend:
 A = Kills in this place as a percentage of kills in entire the game.
 B = Kills by you in this place as a percentage of kills by you in the entire game.
 C = Kills by friends in this place as a percentage of kills by friends in the entire game.
 D = Other kills in this place as a percentage of other kills in the entire game.
 E = Experience gained in this place as a percentage of experience gained in the entire game.
 F = Experience gained in this place divided by the number of levels of this place that you have seen.
                   A       B       C       D       E      F
               +-------+-------+-------+-------+-------+----------------------
         Total | 100.0 | 100.0 |  -nan |  -nan | 100.0 |  18.0
       Dungeon | 100.0 | 100.0 |  -nan |  -nan | 100.0 |  18.0
               +-------+-------+-------+-------+-------+----------------------

Vanquished Creatures
  3 bats (D:1)
  2 giant cockroaches (D:1)
  A goblin (D:2)
  6 hobgoblins
  A ball python (D:2)
  2 giant newts
  5 kobolds (D:1)
  3 rats (D:1)
23 creatures vanquished.

Notes
Turn   | Place    | Note
--------------------------------------------------------------
     0 | D:1      | gw, the Ogre Berserker, began the quest for the Orb.
     0 | D:1      | Reached XP level 1. HP: 24/24 MP: 1/1
   357 | D:1      | Reached XP level 2. HP: 32/32 MP: 2/2
   494 | D:1      | Reached skill level 1 in Throwing
  1054 | D:2      | Reached XP level 3. HP: 39/39 MP: 3/3
  1202 | D:2      | Slain by an adder

Action                   || total
-------------------------++-------
Melee: Mace              ||    68
Throw: Dart              ||    45
Invok: Berserk           ||     1
  Use: Scroll            ||     4
       Potion            ||     1

Vault maps used:
D:1:      mrwooster_arrival_statue
